Map: Oxide LE

Players

HeroMarine

  • Race: Terran Terran
  • League: Grandmaster
  • Spawn Location: 1:00

SKillous - Winner!

  • Race: Protoss Protoss
  • League: Grandmaster
  • Spawn Location: 7:00

Event: DreamHack SC2 Masters 2020 Winter

VOD

Have the link to the VOD?

Description

Time

  • Played on: Nov. 1, 2020, 12:13 p.m.
  • Length: 7:30

All games in this series

Show
View Real Time Build Order
Export as new Build Order

HeroMarine Terran 

Build Orders: Reaper Expand 

Get SALT Encoding   

  12  0:00  SCV  
  13  0:12  SCV  
  14  0:17  Supply Depot  
  14  0:24  SCV  
  15  0:38  SCV  
  15  0:40  Barracks  
  16  0:43  Refinery  
  16  0:50  SCV  
  17  1:03  SCV  
  18  1:15  SCV  
  19  1:27  Orbital Command, Reaper  
  20  1:43  Command Center  
  20  1:50  Supply Depot  
  20  1:54  SCV  
  20  1:58  Marine  
  22  2:06  SCV  
  23  2:09  Factory  
  23  2:16  Marine  
  23  2:18  SCV  
  25  2:23  Bunker  
  25  2:28  Refinery  
  25  2:30  SCV  
  25  2:34  Barracks Reactor  
  26  2:43  SCV  
  27  2:55  SCV, Orbital Command, Hellion  
  30  3:01  Starport  
  30  3:07  SCV  
  31  3:13  Marine x2  
  31  3:17  Factory Tech Lab  
  31  3:19  SCV  
  34  3:21  SCV  
  34  3:24  Supply Depot  
  35  3:31  SCV  
  35  3:33  SCV  
  38  3:41  Cyclone  
  38  3:43  SCV, Supply Depot  
  38  3:45  SCV  
  38  3:46  Medivac  
  44  3:54  Marine x2  
  44  3:55  SCV  
  47  3:58  SCV  
  48  4:07  SCV  
  49  4:10  SCV  
  49  4:12  Marine x2  
  49  4:13  Siege Tank  
  49  4:16  Viking  
  57  4:19  SCV  
  57  4:20  Supply Depot  
  57  4:22  SCV, Supply Depot  
  59  4:30  Marine x2  
  61  4:31  SCV  
  61  4:38  SCV  
  61  4:44  SCV  
  62  4:45  Siege Tank  
  62  4:50  SCV  
  62  4:51  Marine x2  
  62  4:52  Viking  
  70  4:53  Command Center  
  70  4:56  SCV  
  71  5:02  SCV  
  72  5:08  SCV, Marine  
  72  5:09  Marine  
  72  5:10  Barracks  
  72  5:12  Barracks  
  75  5:15  SCV  
  75  5:20  SCV  
  77  5:21  Bunker  
  77  5:29  SCV  
  77  5:33  SCV  
  77  5:35  Cyclone  
  81  5:36  Marine x2  
  81  5:37  Viking  
  81  5:41  SCV  
  86  5:51  SCV  
  86  5:54  SCV  
  86  5:55  Marine, Refinery x2, Engineering Bay  
  86  5:56  Marine  
  84  6:03  SCV  
  81  6:06  SCV  
  81  6:09  Barracks Tech Lab, Bunker  
  81  6:10  Barracks Tech Lab  
  80  6:12  Marine  
  80  6:14  Siege Tank, Starport Reactor  
  80  6:15  SCV  
  80  6:17  Orbital Command  
  80  6:18  SCV  
  84  6:27  Marine, SCV  
  84  6:29  Marine  
  84  6:30  Marine x2, SCV  
  86  6:34  Missile Turret  
  86  6:39  SCV  
  84  6:44  SCV, Marine  
  72  6:47  Marine  
  72  6:48  Marine  
  72  6:52  SCV  
  71  6:57  Barracks  
  71  7:00  SCV x2  
  72  7:02  Marine  
  72  7:03  Barracks, Starport Reactor  
  72  7:04  Supply Depot, SCV  
  72  7:05  Marine  
  72  7:08  Marine x2  
  76  7:12  SCV x2  
  74  7:16  SCV  
Show
View Real Time Build Order
Export as new Build Order

SKillous Protoss - Winner!

Build Orders: 1 Gate Expand, Phoenix Opening 

Get SALT Encoding   

  12  0:00  Probe  
  13  0:12  Probe  
  14  0:17  Pylon  
  14  0:24  Probe (Chrono Boost)  
  16  0:36  Gateway  
  16  0:37  Probe (Chrono Boost)  
  16  0:42  Probe (Chrono Boost)  
  16  0:46  Assimilator  
  17  0:51  Probe  
  18  1:03  Probe  
  19  1:15  Probe  
  20  1:23  Cybernetics Core  
  20  1:31  Nexus  
  20  1:35  Probe  
  21  1:42  Pylon  
  21  1:47  Assimilator  
  21  1:51  Probe  
  22  1:57  Adept (Chrono Boost)  
  24  2:03  Probe  
  25  2:15  Probe  
  26  2:18  Stargate  
  26  2:26  Stalker  
  26  2:28  Probe (Chrono Boost)  
  29  2:34  Warp Gate  
  30  2:38  Probe (Chrono Boost)  
  30  2:43  Probe (Chrono Boost)  
  31  2:47  Probe (Chrono Boost)  
  32  2:52  Probe (Chrono Boost)  
  32  2:56  Stalker, Probe (Chrono Boost)  
  32  2:57  Probe (Chrono Boost)  
  36  3:02  Phoenix (Chrono Boost)  
  39  3:06  Probe  
  40  3:14  Probe  
  40  3:17  Pylon  
  40  3:18  Probe  
  42  3:23  Phoenix (Chrono Boost)  
  42  3:26  Probe  
  45  3:30  Probe  
  46  3:38  Probe  
  47  3:43  Nexus  
  47  3:46  Phoenix (Chrono Boost)  
  47  3:48  Probe  
  50  3:53  Pylon  
  50  3:56  Probe  
  50  4:00  Probe  
  50  4:05  Gateway  
  50  4:07  Phoenix (Chrono Boost)  
  50  4:08  Probe  
  53  4:12  Probe  
  53  4:15  Gateway  
  54  4:20  Probe  
  54  4:23  Twilight Council  
  55  4:34  Phoenix (Chrono Boost)  
  55  4:36  Probe  
  55  4:37  Probe  
  59  4:42  Shield Battery  
  59  4:43  Pylon  
  59  4:49  Probe x2  
  59  4:50  Shield Battery  
  61  4:55  Charge (Chrono Boost), Probe  
  64  5:01  Probe x2  
  64  5:06  Zealot x2  
  67  5:07  Probe  
  67  5:09  Shield Battery  
  67  5:10  Stalker, Shield Battery  
  70  5:21  Probe x2  
  70  5:26  Stalker  
  72  5:30  Phoenix  
  74  5:38  Pylon  
  74  5:39  Zealot  
  74  5:42  Zealot  
  77  5:45  Pylon  
  77  5:46  Pylon  
  77  5:47  Gateway  
  77  5:48  Gateway, Probe  
  78  5:50  Gateway  
  78  5:51  Gateway  
  78  5:54  Probe  
  78  5:55  Phoenix  
  81  6:08  Zealot x3  
  81  6:09  Probe x2  
  81  6:10  Probe  
  90  6:13  Assimilator  
  90  6:15  Assimilator  
  90  6:16  Pylon  
  90  6:21  Probe x2  
  90  6:23  Phoenix  
  92  6:30  Stalker  
  92  6:31  Zealot x2  
  92  6:32  Probe  
  95  6:40  Gateway  
  95  6:41  Gateway  
  95  6:44  Zealot x2  
  95  6:46  Probe  
  93  6:47  Probe  
  93  6:52  Phoenix (Chrono Boost)  
  95  6:57  Probe  
  95  6:58  Zealot x5  
  106  7:03  Pylon  
  106  7:06  Pylon  
  106  7:09  Pylon  
  106  7:13  Forge  
  108  7:19  Zealot x4  
  114  7:23  Pylon  
Tags
 
Add a new tag
Caveats
  • Supply blocks, unpowered buildings, or Contaminate may cause inaccurate times.
  • Supply counts are checked every 10 seconds.